 Dungeon Crawl Stone Soup version 0.17-a0-1882-g750edc8 (webtiles) character file.

27 barthelm the Cutter (level 3, -9/24 HPs)
             Began as a Kobold Berserker on Sept 22, 2015.
             Was a Follower of Trog.
             Mangled by Sigmund
             ... wielding a +0 scythe
              (11 damage)
             ... on level 2 of the Dungeon.
             The game lasted 00:03:02 (1108 turns).

barthelm the Cutter (Kobold Berserker)              Turns: 1108, Time: 00:03:03

Health: -9/24      AC:  2    Str: 16    XL:     3   Next: 25%
Magic:  3/3        EV: 15    Int:  5    God:    Trog [*.....]
Gold:   43         SH:  0    Dex: 15    Spells: 0 memorised, 2 levels left

rFire  . . .     SeeInvis .     a - +0 short sword
rCold  . . .     Clarity  .     b - +0 animal skin
rNeg   . . .     SustAt   .     (shield restricted)
rPois  .         Gourm    .     (no helmet)
rElec  .         Spirit   .     (no cloak)
rCorr  .         Warding  .     (no gloves)
rMut   .         Stasis   .     (no boots)
MR     .....                    (no amulet)
Stlth  +.........               (no ring)
                                (no ring)

@: confused, exhausted, slowed, very slow, not resistant to hostile
enchantments, very unstealthy
A: carnivore 3
a: Burn Spellbooks, Berserk, Renounce Religion


You were on level 2 of the Dungeon.
You worshipped Trog.
Trog was aware of your devotion.
You were very full.

You visited 1 branch of the dungeon, and saw 2 of its levels.

You collected 43 gold pieces.

Inventory:

Hand weapons
 a - a +0 short sword (weapon)
Missiles
 h - 9 stones (quivered)
Armour
 b - a +0 animal skin (worn)
Jewellery
 d - an uncursed amulet of faith {unknown}
 g - an uncursed ring of protection from cold {unknown}
Scrolls
 e - a scroll of magic mapping {unknown}
 j - a scroll of immolation {unknown}
 k - a scroll of amnesia {unknown}
 l - 2 scrolls of identify {unknown}
Potions
 f - a potion of magic {unknown}
 i - 3 potions of flight {unknown}
 m - a potion of curing {unknown}
Comestibles
 c - a meat ration


   Skills:
 + Level 4.1 Fighting
 + Level 4.7 Short Blades
 - Level 1.5 Armour
 - Level 2.4 Dodging


You had 2 spell levels left.
You didn't know any spells.

Dungeon Overview and Level Annotations

Branches:
Dungeon (2/15)

Altars:

Annotations:
D:2 Sigmund


Innate Abilities, Weirdness & Mutations

You are small and have problems with some larger weapons.
You are carnivorous and can eat meat at any time.


Message History

You hit Sigmund.
Sigmund is moderately wounded.
Sigmund barely misses you.
You hit Sigmund.
Sigmund is heavily wounded.
Sigmund barely misses you.
You barely miss Sigmund.
Sigmund is heavily wounded.
Sigmund casts a spell.
Sigmund flickers and vanishes!
Deactivating autopickup; reactivate with Ctrl-A.
You miss something.
You hear some strange, mumbled words.
You are confused.
You hear some strange, mumbled words.
A puff of flame appears from out of thin air!
The puff of flame hits you!
* * * LOW HITPOINT WARNING * * *
Something hits you!
You die...

.. #. .##
..#♣ ♣♣
#..♣.P♣.P
#........
#.#
##.#♣♣♣
#@....#
#.$####
#.<#
#.........
#.####.###
#.# #.#
#.# #.


There were no monsters in sight!

Vanquished Creatures
  2 oozes (D:1)
  2 giant cockroaches (D:1)
  4 hobgoblins (D:1)
  2 kobolds (D:1)
  4 bats (D:1)
  2 giant newts (D:1)
  A goblin (D:1)
  2 rats (D:1)
19 creatures vanquished.

Notes
Turn   | Place    | Note
--------------------------------------------------------------
     0 | D:1      | barthelm the Kobold Berserker began the quest for the Orb.
     0 | D:1      | Reached XP level 1. HP: 14/14 MP: 1/1
   372 | D:1      | Reached XP level 2. HP: 18/20 MP: 2/2
   791 | D:1      | Reached XP level 3. HP: 20/24 MP: 3/3
  1087 | D:2      | Noticed Sigmund
  1107 | D:2      | HP: 1/24 [something/puff of flame (5)]
  1108 | D:2      | Mangled by Sigmund

Vault maps used:
D:1:      scummos_arrival_simple_fountains, serial_co_window_serial,
          co_window_corner_a, co_window_paths_b, co_window_paths_a,
          co_window_corner_a, co_window_corner_a, co_window_paths_a,
          co_window_cross_1, co_window_paths_b, co_window_paths_a,
          co_window_broadway_c, co_window_cross_2, co_window_paths_c,
          co_window_corner_b, co_window_corner_ca, co_window_paths_d,
          glass_columns_b, glass_columns_b, glass_columns_c, glass_columns_c
D:2:      serial_forest, infiniplex_forest_straight_5,
          infiniplex_forest_lined_corner, infiniplex_forest_lined_corner,
          infiniplex_forest_lined_room_, infiniplex_forest_corner_1,
          infiniplex_forest_lined_3_way, infiniplex_forest_clump_long,
          kennysheep_crisscross, xom_redecorated, uniq_sigmund, uniq_jessica,
          uniq_terence

Action                   || total
-------------------------++-------
Melee: Short sword       ||    80
Throw: Stone             ||     7
Invok: Berserk           ||     1
 Stab: Sleeping          ||     2
  Eat: Chunk             ||     8
